 Dungeon Crawl Stone Soup version 0.20.1-1-g8b1a95d (webtiles) character file.

807 equalderp2856 the Chopper (level 7, -8/61 HPs)
             Began as a Minotaur Fighter on July 29, 2017.
             Mangled by Menkaure (20 damage)
             ... on level 5 of the Dungeon.
             The game lasted 00:07:56 (3537 turns).

equalderp2856 the Chopper (Minotaur Fighter)        Turns: 3537, Time: 00:08:00

Health: -8/61      AC:  7    Str: 20    XL:     7   Next: 60%
Magic:  6/6        EV:  8    Int:  5    God:
Gold:   211        SH: 10    Dex: 12    Spells: 6/6 levels left

rFire    . . .     SeeInvis .   a - +0 war axe
rCold    . . .     Gourm    .   c - +0 shield
rNeg     . . .     Faith    .   b - +0 scale mail
rPois    .         Spirit   .   (helmet restricted)
rElec    .         Reflect  .   (no cloak)
rCorr    .         Harm     .   (no gloves)
MR       .....                  (no boots)
Stlth    ..........             (no amulet)
Regen    0.2/turn               (no ring)
MPRegen  0.1/turn               (no ring)

@: no status effects
A: retaliatory headbutt, horns 2
a: no special abilities


You were on level 5 of the Dungeon.
You were near starving.

You visited 1 branch of the dungeon, and saw 5 of its levels.

You collected 211 gold pieces.

Inventory:

Hand Weapons
 a - a +0 war axe (weapon)
 t - a +1 dagger of holy wrath
 J - a cursed -3 flail
 K - the +1 dagger "Ruvicun" {freeze, -Tele MR++, unknown}
   (You found it on level 4 of the Dungeon)

   It has been specially enchanted to freeze those struck by it, causing extra
   injury to most foes and up to half again as much damage against particularly
   susceptible opponents.
   It can also slow down cold-blooded creatures.
   It affects your resistance to hostile enchantments.
   It prevents most forms of teleportation.
 L - a +0 arbalest
 M - a +3 hand axe
Missiles
 h - 39 bolts
 q - 210 stones (quivered)
 x - 78 arrows
 A - 2 tomahawks
 D - a throwing net
 G - 4 needles of confusion
 S - 12 poisoned needles
Armour
 b - a +0 scale mail (worn)
 c - a +0 shield (worn)
 u - a +0 helmet
 y - a +0 robe
 F - a +0 robe
 H - a +0 plate armour
 N - a +2 robe of magic resistance
Jewellery
 r - a +1 ring of protection {unknown}
Wands
 P - a wand of flame (35/48)
Scrolls
 g - 3 scrolls of teleportation {unknown}
 m - a scroll of recharging {unknown}
 s - a scroll of noise {unknown}
 v - 4 scrolls of remove curse {unknown}
 w - 2 scrolls of amnesia {unknown}
 z - 4 scrolls of identify {unknown}
 I - a scroll of enchant weapon {unknown}
 O - a scroll of immolation {unknown}
 R - a scroll of fog {unknown}
Potions
 d - a potion of might
 e - a potion of degeneration {unknown}
 i - a potion of mutation {unknown}
 j - a potion of invisibility {unknown}
 k - 2 potions of curing {unknown}
 n - 4 potions of lignification {unknown}
 o - a potion of heal wounds {unknown}
 p - a potion of cancellation {unknown}
 B - a potion of berserk rage {unknown}
 C - 2 potions of agility {unknown}
Comestibles
 f - 2 bread rations
 l - 2 royal jellies
 E - 2 meat rations
 Q - 2 fruits


   Skills:
 + Level 5.5 Fighting
 + Level 7.0 Axes
 + Level 5.5 Armour
 + Level 2.1 Dodging
 + Level 0.6 Stealth
 + Level 5.4 Shields


You had 6 spell levels left.
You didn't know any spells.

Dungeon Overview and Level Annotations

Branches:
Dungeon (5/15)
 Temple: D:4-7

Altars:
Hepliaklqana
Zin

Annotations:
D:5 Menkaure


Innate Abilities, Weirdness & Mutations

You reflexively headbutt those who attack you in melee.
You have a pair of horns on your head.


Message History

Menkaure shouts!
Found a scroll labeled ICVEK TASHREP.
Menkaure is nearby!
Menkaure casts a spell.
Menkaure seems to speed up.
Menkaure calls on the powers of darkness!
Your body is wracked with pain!
You block Menkaure's attack.
A ball python skeleton comes into view.
You hit Menkaure.
You headbutt Menkaure, but do no damage.
Menkaure is lightly damaged.
Menkaure hits you!
You slash Menkaure! You headbutt Menkaure.
Menkaure is severely damaged.
Menkaure calls on the powers of darkness!
Your body is wracked with pain!
* * * LOW HITPOINT WARNING * * *
Menkaure hits you!!
You die...

.#........##.#
...######.##.#
#.## #.##.##
..# #.#...#
### #.....# #
###...# .#
##.## ..
#.#####.#.#.#
#....@M......
#######Z#.#..
.. .# #


You could see Menkaure and a ball python skeleton.

Vanquished Creatures
  The ghost of polve the Cleaver, an amateur HOBe of Trog (D:4)
  Purgy (D:4)
  2 ogres (D:4)
  A scorpion (D:4)
  A howler monkey (D:3)
  A centaur skeleton (D:4)
  A worker ant (D:4)
  4 gnolls (D:4)
  6 adders
  2 oozes
  2 dart slugs (D:1)
  A worm (D:4)
  3 leopard geckos
  10 orcs
  12 giant cockroaches
  5 goblins
  9 hobgoblins
  5 jackals
  6 kobolds
  A quokka (D:4)
  5 bats
  6 frilled lizards
  4 rats
89 creatures vanquished.

Notes
Turn   | Place    | Note
-------+----------+-------------------------------------------
     0 | D:1      | equalderp2856 the Minotaur Fighter began the quest for the Orb.
     0 | D:1      | Reached XP level 1. HP: 19/19 MP: 0/0
   170 | D:1      | Reached XP level 2. HP: 26/27 MP: 1/1
   745 | D:1      | Reached XP level 3. HP: 27/33 MP: 2/2
  1345 | D:2      | Reached skill level 3 in Axes
  1493 | D:2      | You fall through a shaft!
  1519 | D:3      | Found a glowing silver altar of Zin.
  1583 | D:3      | Reached XP level 4. HP: 38/40 MP: 3/3
  1828 | D:3      | Reached skill level 4 in Axes
  1828 | D:3      | Reached skill level 1 in Dodging
  1922 | D:3      | Reached XP level 5. HP: 37/46 MP: 4/4
  2019 | D:3      | Found a hazy altar of Hepliaklqana.
  2387 | D:4      | Noticed polve's ghost (amateur HOBe)
  2547 | D:4      | Noticed an ogre
  2551 | D:4      | Killed an ogre
  2551 | D:4      | Reached skill level 5 in Axes
  2551 | D:4      | Reached XP level 6. HP: 53/53 MP: 5/5
  2656 | D:4      | Got a slimy dagger
  2681 | D:4      | Noticed Purgy
  2705 | D:4      | Killed Purgy
  2705 | D:4      | Reached skill level 5 in Shields
  2708 | D:4      | Reached skill level 5 in Fighting
  2848 | D:4      | Reached skill level 5 in Armour
  2858 | D:4      | Killed polve's ghost
  2858 | D:4      | Reached skill level 6 in Axes
  2858 | D:4      | Reached XP level 7. HP: 26/61 MP: 6/6
  3292 | D:4      | Reached skill level 7 in Axes
  3494 | D:5      | Entered Level 5 of the Dungeon
  3530 | D:5      | Noticed Menkaure
  3537 | D:5      | Mangled by Menkaure

Skill      XL: |  1  2  3  4  5  6  7 |
---------------+----------------------+-----
Armour         | 4 5 |  5.5
Shields        | 4 5 |  5.4
Fighting       | 4 5 |  5.5
Axes           | 3 4 5 6 7 |  7.0
Dodging        | 1 2 |  2.1
Stealth        | |  0.6

Action                   |  1- 3 |  4- 6 |  7- 9 || total
-------------------------+-------+-------+-------++-------
Melee: War axe           |    90 |   106 |    27 ||   223
       Headbutt          |    15 |    23 |     8 ||    46
  Eat: Chunk             |     2 |     3 |     2 ||     7
Armor: Scale mail        |    52 |    49 |     2 ||   103
Dodge: Dodged            |    32 |    35 |    11 ||    78
Block: Shield            |    58 |    58 |    19 ||   135
